 Dungeon Crawl Stone Soup version 0.21.1-1-g345015f (webtiles) character file.

231 xccam the Twirler (level 6, -1/47 HPs)
             Began as a Formicid Fighter on Mar 28, 2018.
             Was a Priest of Jiyva.
             Killed from afar by Dowan (2 damage)
             ... with a wand of flame (26)
             ... on level 4 of the Dungeon.
             The game lasted 00:06:03 (2218 turns).

xccam the Twirler (Formicid Fighter)                Turns: 2218, Time: 00:06:04

Health: -1/47      AC:  9    Str: 25 (26) XL:     6   Next: 24%
Magic:  6/6        EV:  8    Int:  5 (7)  God:    Jiyva [***...]
Gold:   136        SH:  9    Dex:  9 (12) Spells: 5/5 levels left

rFire    . . .     SeeInvis +   a - +0 quarterstaff
rCold    . . .     Gourm    .   c - +0 shield
rNeg     . . .     Faith    .   b - +0 scale mail
rPois    .         Spirit   .   (helmet unavailable)
rElec    .         Reflect  .   (no cloak)
rCorr    +         Harm     .   (no gloves)
MR       .....                  (no boots)
Stlth    ..........             (no amulet)
HPRegen  0.15/turn              g - +3 ring of protection
MPRegen  0.10/turn              (no ring)

@: mighty
A: permanent stasis, dig shafts and tunnels, four strong arms, antennae 3
a: Dig, Shaft Self, Request Jelly, Renounce Religion


You were on level 4 of the Dungeon.
You worshipped Jiyva.
Jiyva was most pleased with you.
You were not hungry.

You visited 1 branch of the dungeon, and saw 4 of its levels.

You collected 136 gold pieces.

Inventory:

Hand Weapons
 a - a +0 quarterstaff (weapon)
Armour
 b - a +0 scale mail (worn)
 c - a +0 shield (worn)
Jewellery
 g - a +3 ring of protection (left hand)
 p - an uncursed ring of fire
Wands
 w - a wand of paralysis (9)
 x - a wand of polymorph (12)
Scrolls
 e - a scroll of fear {unknown}
 i - a scroll of fog {unknown}
 j - a scroll of amnesia {unknown}
 l - 3 scrolls of remove curse {unknown}
 n - a scroll of enchant weapon {unknown}
 o - a scroll of magic mapping {unknown}
 q - 2 scrolls of identify {unknown}
 s - a scroll of enchant armour {unknown}
Potions
 d - 2 potions of might
 k - 2 potions of haste
Comestibles
 f - 5 rations
 z - 2 chunks of flesh


   Skills:
 - Level 3.2 Fighting
 + Level 6.1 Staves
 - Level 3.2 Armour
 - Level 3.6 Shields


You had 5 spell levels left.
You didn't know any spells.

Dungeon Overview and Level Annotations

Branches:
Dungeon (4/15)
 Temple: D:4-7

Altars:
Nemelex Xobeh
Xom
Jiyva

Annotations:
D:4 Dowan


Innate Abilities, Weirdness & Mutations

You cannot be hasted, slowed, berserked, paralysed or teleported.
You can dig through walls and to a lower floor.
Your four strong arms can wield two-handed weapons with a shield.
You have a pair of large antennae on your head. (SInv)


Message History

It was a potion of degeneration.
There was something very wrong with that liquid.
You feel weakened.
You feel dopey.
You feel clumsy.
Dowan seems to find hidden reserves of power!
Dowan zaps a wand.
The puff of flame hits you!
* * * LOW HITPOINT WARNING * * *
It was a potion of curing.
You feel better. Dowan gestures at you while chanting.
The stone arrow hits you!
Okay, then.
You sock Dowan!
Dowan is heavily wounded.
Dowan hits you but does no damage. Dowan gestures at you while chanting.
The shard of ice hits you!
* * * LOW HITPOINT WARNING * * *
You miss Dowan.
Dowan is heavily wounded.
Dowan zaps a wand.
The puff of flame hits you!
You die...

{ # #### #.
#.. ##. #.####
#... ###....#
..... #@e..#.#
.e..?.##.#.#.#
#.!$..#.#.#
.....#####.#.#
### ..#<#
#####


You could see Dowan.

Vanquished Creatures
  Duvessa (D:4)
  A hound (D:2)
  An orc wizard (D:3)
  A worm (D:3)
  A dart slug (D:1)
  A leopard gecko (D:3)
  3 orcs (D:3)
  3 bats (D:3)
  4 giant cockroaches
  4 goblins
  6 hobgoblins
  7 jackals
  2 quokkas (D:3)
  2 ball pythons
  2 frilled lizards (D:2)
  6 kobolds
  6 rats
51 creatures vanquished.

Vanquished Creatures (others)
  2 adders (D:3)
  An orc (D:3)
  A kobold (D:3)
  2 frilled lizards (D:3)
  2 goblins (D:3)
  A quokka zombie (D:3)
  3 rats (D:3)
12 creatures vanquished.

Grand Total: 63 creatures vanquished

Notes
Turn   | Place    | Note
-------+----------+-------------------------------------------
     0 | D:1      | xccam the Formicid Fighter began the quest for the Orb.
     0 | D:1      | Reached XP level 1. HP: 18/18 MP: 1/1
   271 | D:1      | Reached XP level 2. HP: 21/24 MP: 2/2
   380 | D:1      | Reached skill level 3 in Staves
   610 | D:1      | Reached XP level 3. HP: 29/29 MP: 3/3
   937 | D:2      | Reached skill level 4 in Staves
   937 | D:2      | Reached XP level 4. HP: 24/35 MP: 4/4
  1172 | D:2      | Found a faded altar of an unknown god.
  1181 | D:2      | Became a worshipper of Jiyva Jirezuod the Shapeless
  1181 | D:2      | Reached * piety under Jiyva
  1485 | D:3      | Found a shimmering altar of Xom.
  1514 | D:3      | Found a sparkling altar of Nemelex Xobeh.
  1575 | D:3      | Reached ** piety under Jiyva
  1665 | D:3      | Reached XP level 5. HP: 41/41 MP: 5/5
  1760 | D:3      | Reached skill level 5 in Staves
  2160 | D:3      | Reached *** piety under Jiyva
  2184 | D:4      | Noticed Duvessa
  2207 | D:4      | Noticed Dowan
  2213 | D:4      | Killed Duvessa
  2213 | D:4      | Reached skill level 6 in Staves
  2213 | D:4      | Reached XP level 6. HP: 10/47 MP: 6/6
  2217 | D:4      | HP: 1/47 [Dowan/shard of ice (9)]
  2218 | D:4      | Killed from afar by Dowan

Skill      XL: |  1  2  3  4  5 |
---------------+----------------+-----
Staves         | 3 4 6 |  6.1
Fighting       | |  3.2
Armour         | |  3.2
Shields        | |  3.6

Action                   |  1- 3 |  4- 6 || total
-------------------------+-------+-------++-------
Melee: Quarterstaff      |    73 |   123 ||   196
  Use: Potion            |       |     4 ||     4
  Eat: Chunk             |       |     3 ||     3
Armor: Scale mail        |    30 |    51 ||    81
Dodge: Dodged            |    17 |    29 ||    46
Block: Shield            |    34 |    66 ||   100
